 Dungeon Crawl Stone Soup version 0.30.1-9-gdf580d7c3d (webtiles) character file.

Game seed: 5203487976162287878

267 bearlyready the Ruffian (level 6, 0/51 HPs)
             Began as a Naga Transmuter on Oct 16, 2023.
             Succumbed to an adder's poison
             ... while paralysed by Grinder
             ... on level 4 of the Dungeon.
             The game lasted 00:07:42 (3448 turns).

bearlyready the Ruffian (Naga Transmuter)           Turns: 3448, Time: 00:07:43

Health: 0/51       AC:  2    Str: 12    XL:     6   Next: 21%
Magic:  1/9        EV:  5    Int: 16    God:
Gold:   141        SH:  0    Dex: 16    Spells: 3/9 levels left

rFire   . .          .
                       - Unarmed
rCold   . . .        (shield currently unavailable)
rNeg    . . .        f - melded +2 ring mail "Kaduyd" {Rampage MP+9}
rPois   x            (helmet currently unavailable)
rElec   .            (cloak currently unavailable)
rCorr   .            (gloves currently unavailable)
SInv    +            (no barding)
Will    .....        j - amulet of guardian spirit
Stlth   +            (no ring)
HPRegen 0.28/turn    (no ring)
MPRegen 0.11/turn

%: guardian spirit
@: paralysed, lethally poisoned (0 -> -8), spider-form
A: venomous fangs, AC +2, tiny, see invisible, (deformed body), (poison
resistance), (slowness 2), spit poison 1, (naga tail 1)
a: Spit Poison, End Transformation


You were on level 4 of the Dungeon.
You were a venomous arachnid creature.
You visited 1 branch of the dungeon, and saw 4 of its levels.

You collected 141 gold pieces.

Inventory:

Missiles
 c - 10 boomerangs
 p - 6 poisoned darts
Armour
 a - a +0 robe
 f - the +2 ring mail "Kaduyd" (melded) {Rampage MP+9}
   (You found it on level 2 of the Dungeon)

   MP:        It affects your magic capacity (+9).
   Rampage:   It bestows one free step when moving towards enemies.
Jewellery
 j - an amulet of guardian spirit (around neck)
 k - a +6 ring of dexterity
Wands
 r - a wand of polymorph (9)
Scrolls
 b - 3 scrolls of immolation {unknown}
 d - a scroll of fog {unknown}
 l - a scroll of noise {unknown}
 m - a scroll of identify {unknown}
 n - a scroll of enchant weapon {unknown}
 o - 2 scrolls of teleportation {unknown}
 q - a scroll of blinking {unknown}
Potions
 e - a potion of might {unknown}
 g - 5 potions of curing {unknown}
 h - a potion of brilliance {unknown}
 i - a potion of ambrosia {unknown}
 s - a potion of lignification


   Skills:
 - Level 1.0 Fighting
 - Level 1.5 Dodging
 + Level 4.7 Unarmed Combat
 - Level 2.0 Spellcasting
 + Level 4.2 Transmutations
 + Level 3.4 Poison Magic


You had 3 spell levels left.
You knew the following spells:

 Your Spells              Type           Power      Damage    Failure   Level
a - Beastly Appendage     Tmut           30%        N/A       12%         1
b - Wereblood             Tmut           15%        N/A       16%         2
c - Spider Form           Tmut/Pois      13%        N/A       30%         3

Your spell library contained the following spells:

 Spells                   Type           Power      Damage    Failure   Level
 Dazzling Flash           Conj/Hex       2%         N/A       73%         3
 Tukima's Dance           Hex            1%         N/A       73%         3
 Ice Form                 Ice/Tmut       8%         N/A       83%         4
 Passage of Golubria      Tloc           1%         N/A       97%         4
 Yara's Violent Unravell  Hex/Tmut       4%         3d4       98%         5
 Agony                    Necr           1%         N/A       100%        5
 Silence                  Hex/Air        0%         N/A       100%        5


Dungeon Overview and Level Annotations

Branches:
Dungeon (4/15)
 Temple: D:4-7

Altars:
Uskayaw

Annotations:
D:4 Grinder


Innate Abilities, Weirdness & Mutations

You are a venomous arachnid creature.
You have venomous fangs.
You are tiny and dextrous.
Your spellcasting is less reliable in this form.
Your armour is entirely melded.
You are incapable of wielding weapons or throwing items.
((Your serpentine skin is tough. (AC +2)))
You have supernaturally acute eyesight. (SInv)
((Armour fits poorly on your strangely shaped body.))
((Your system is resistant to poisons. (rPois)))
((You cover ground very slowly.))
You can spit poison.
((You have a snake-like lower body.))


Message History

You kill the iguana!
No target in view!
No target in view!
No target in view!
You see here an iguana corpse.
s - a potion of lignification Grinder comes into view.
Grinder shouts!
A jelly comes into view.
Casting: Spider Form (dangerous; 28% risk of failure)
Confirm with . or Enter, or press ? or * to list all spells.
You turn into a venomous arachnid creature.
The +2 ring mail "Kaduyd" {Rampage MP+9} melds into your body.
You feel your magic capacity decrease.
The jelly quivers.
An adder comes into view.
The adder barely misses you.
You barely miss the adder. The adder completely misses you.
The adder closely misses you.
You barely miss Grinder. Grinder gestures at you.
You suddenly lose the ability to move!
The adder bites you. Grinder hits you.
You writhe in agony.
The adder bites you but does no damage. The adder bites you. Grinder hits you.
You writhe in agony.
The adder bites you. Grinder gestures at you.
You struggle to resist.
The jelly hits you.
You are splashed with acid!
The adder bites you.
You are poisoned.
The adder poisons you!
You feel very sick. Grinder gestures at you. Pain shoots through your body!
* * * LOW HITPOINT WARNING * * *
The jelly hits you.
* * * LOW HITPOINT WARNING * * *
You are splashed with acid!
* * * LOW HITPOINT WARNING * * *
The adder closely misses you.
You die...

.......>## #.#
#######.#. #.#
#######.#) #.#
.......... #.#
.......... #####.#
.......... #.....#
#.#####.#. #...J5♣#♣##
#.......#.
..♣s....♣##.#####.#.
#S...............#.
.♣..♣.♣..♣#......##.
.....................
#.#♣..♣.♣..♣#.##♣#♣#♣#
# #......†...#.......
..♣.....♣#..#.♣.♣.♣.
....♣.♣###..#.......
...... ...#....)..


You could see Grinder, a jelly and an adder.

Vanquished Creatures
  An orc priest (D:3)
  Ijyb (D:4)
  An orc wizard (D:3)
  An iguana (D:4)
  6 gnolls (D:3)
  An ufetubus (D:4)
  A dart slug (D:1)
  10 orcs
  4 bats
  4 endoplasms
  7 giant cockroaches
  6 goblins
  7 hobgoblins
  8 jackals
  4 quokkas
  3 ball pythons
  6 frilled lizards
  11 kobolds
  4 rats
86 creatures vanquished.

Notes
Turn   | Place    | Note
-------+----------+-------------------------------------------
     0 | D:1      | bearlyready the Naga Transmuter began the quest for the
                  | Orb.
     0 | D:1      | Reached XP level 1. HP: 18/18 MP: 3/3
    16 | D:1      | You fall into a shaft and drop 1 floor!
   236 | D:2      | Identified the +2 ring mail "Kaduyd" {Rampage MP+9}
   329 | D:1      | Reached XP level 2. HP: 25/25 MP: 5/5
   873 | D:1      | Reached XP level 3. HP: 28/31 MP: 6/6
  1324 | D:2      | Learned a level 2 spell: Wereblood
  1328 | D:2      | Learned a level 3 spell: Spider Form
  1764 | D:3      | Reached XP level 4. HP: 38/38 MP: 7/7
  1805 | D:3      | Found a hide-covered altar of Uskayaw.
  1822 | D:3      | Reached skill level 1 in Poison Magic
  1993 | D:3      | Identified the +0 scale mail of the Sky {rElec rC+}
  2347 | D:3      | Reached XP level 5. HP: 13/44 MP: 5/8
  3166 | D:4      | Noticed Ijyb
  3189 | D:4      | Killed Ijyb
  3190 | D:4      | Reached XP level 6. HP: 44/51 MP: 0/9
  3439 | D:4      | Noticed Grinder
  3443 | D:4      | Paralysed by Grinder for 5 turns
  3447 | D:4      | HP: 1/51 [acid (8)]
  3448 | D:4      | Succumbed to an adder's poison

Illustrated notes

Levels and vault maps discovered:
D:1:      nicolae_arrival_washed_ashore, layout_loops_cross,
          lexackson_kobold_supper
D:2:      layout_basic
D:3:      layout_loops_corners, mainiacjoe_overflow_alcove_1,
          serial_bayou_pond_e
D:4:      layout_basic, serial_shops, nicolae_shop_stone, serial_forest,
          infiniplex_forest_end_2, infiniplex_forest_zigzag_1,
          infiniplex_forest_lined_1, infiniplex_forest_lined_ring,
          infiniplex_forest_lined_1, infiniplex_forest_zigzag_2,
          infiniplex_forest_clump_double, uniq_grinder, uniq_ijyb

Skill      XL: |  1  2  3  4  5 |
---------------+----------------+-----
Transmutations | 3 4 |  4.2
Poison Magic   | 2 3 |  3.4
Unarmed Combat | 4 |  4.7
Fighting       | |  1.0
Dodging        | |  1.5
Spellcasting   | |  2.0

Action                     |  1- 3 |  4- 6 || total
---------------------------+-------+-------++-------
  Melee: Unarmed           |   201 |   188 ||   389
         Punch             |     4 |     3 ||     7
         Headbutt          |       |     5 ||     5
   Cast: Beastly Appendage |       |     3 ||     3
         Wereblood         |       |     3 ||     3
         Spider Form       |       |     2 ||     2
Ability: Spit Poison       |     4 |     4 ||     8
    Use: Potion            |       |     1 ||     1
 Armour: Robe              |    15 |       ||    15
         Ring mail         |    99 |    61 ||   160
         Skin              |       |     7 ||     7
  Dodge: Dodged            |   105 |    99 ||   204
